 Dungeon Crawl Stone Soup version 0.31.0-12-g77e489cdc1 (webtiles) character file.

Game seed: 6699948342129625084

33 lordive the Changeling (level 3, 0/23 HPs)
             Began as an Octopode Shapeshifter on Feb 29, 2024.
             Succumbed to an adder's poison
             ... on level 2 of the Dungeon.
             The game lasted 00:00:58 (944 turns).

lordive the Changeling (Octopode Shapeshifter)       Turns: 944, Time: 00:00:59

Health: 0/23       AC:  1    Str: 13    XL:     3   Next: 29%
Magic:  3/3        EV: 13    Int: 14    God:
Gold:   66         SH:  0    Dex: 11    Spells: 2/2 levels left

rFire   . .          .
                       - Unarmed
rCold   . . .        (no shield)
rNeg    . . .        (helmet currently unavailable)
rPois   .            (no amulet)
rElec   .            (no ring)
rCorr   .            (no ring)
SInv    .            (no ring)
Will    .....        (no ring)
Stlth   ++           (no ring)
HPRegen 0.23/turn    (no ring)
MPRegen 0.08/turn    (no ring)
                     (no ring)

%: no passive effects
@: lethally poisoned (0 -> -6), beast-form
A: beast (slay +2), almost no armour, amphibious, 8 rings, camouflage 1,
gelatinous body 1, (nimble swimmer 1), tentacles
a: Begin Untransformation


You were on level 2 of the Dungeon.
You were a hulking beast.
You visited 1 branch of the dungeon, and saw 2 of its levels.

You collected 66 gold pieces.

Inventory:

Talismans
 b - a beast talisman
 c - a flux talisman
Scrolls
 d - 3 scrolls of identify {unknown}
 e - a scroll of enchant weapon {unknown}
 f - a scroll of revelation {unknown}
 g - a scroll of immolation {unknown}
 l - a scroll of fear {unknown}
Potions
 a - a potion of lignification
 h - a potion of brilliance {unknown}
 i - a potion of curing {unknown}
 j - a potion of haste {unknown}
 k - a potion of cancellation {unknown}
 m - a potion of enlightenment {unknown}


   Skills:
 + Level 1.0 Fighting
 + Level 2.0 Dodging
 + Level 3.4 Unarmed Combat
 * Level 3.8 Shapeshifting


You had 2 spell levels left.
You didn't know any spells.
Your spell library was empty.

Dungeon Overview and Level Annotations

Branches:
Dungeon (2/15)

Altars:


Innate Abilities, Weirdness & Mutations

You are a hulking beast.
Your limbs bulge with bestial killing power. (Slay +2)
You cannot wear most types of armour.
You are amphibious.
You can wear up to eight rings at the same time.
Your skin changes colour to match your surroundings (Stealth+).
Your rubbery body absorbs attacks. (AC +1, EV +1)
((You are camouflaged when in or above water. (Stealth+)))
You have tentacles for arms and can constrict up to eight enemies at once.


Message History

You tentacle-slap the adder. Your squeeze misses the adder.
The adder is heavily wounded.
You constrict the adder. The adder bites you.
You are poisoned.
The adder poisons you!
A bat comes into view.
You barely miss the adder.
The adder is severely wounded.
You constrict the adder, but do no damage.
You feel sick. The adder closely misses you. The adder bites you. x3
You tentacle-slap the adder.
You kill the adder!
You feel sick. The adder bites you.
You are too injured to fight recklessly!
You are too injured to fight recklessly!
You are too injured to fight recklessly!
You are too injured to fight recklessly!
You are too injured to fight recklessly!
You are too injured to fight recklessly!
You are too injured to fight recklessly!
You are too injured to fight recklessly!
You are too injured to fight recklessly!
You are too injured to fight recklessly!
You are too injured to fight recklessly!
You are too injured to fight recklessly!
You are too injured to fight recklessly!
You are too injured to fight recklessly!
You are too injured to fight recklessly!
You are too injured to fight recklessly!
You are too injured to fight recklessly!
Unknown command.
You feel sick. The adder attacks as it pursues you!
The adder bites you but does no damage.
You feel sick. The adder bites you.
* * * LOW HITPOINT WARNING * * *
You feel sick. The adder attacks as it pursues you! The adder bites you.
* * * LOW HITPOINT WARNING * * *
You are lethally poisoned!
The adder poisons you!
You die...

### ##### ... ....## #.#
.....# #.# #.#? ###..#
... ...# #..# #.# .....
#..# #. #.# ..... ###..#
#. #h# ..b... .....#.
##.####.##g.....
#.####.###.....#S#†.....#
#.# #..........ggg..#
#.######..........J.##
...............####..#
#.#####.................
#.#####.##...#####.#.###
>........#...# .#


You could see 2 gnolls and an adder.

Vanquished Creatures
  An adder (D:2)
  A dart slug (D:1)
  An endoplasm (D:1)
  A giant cockroach (D:1)
  2 goblins (D:1)
  2 hobgoblins (D:1)
  2 quokkas (D:1)
  3 ball pythons
  4 bats
  3 frilled lizards (D:1)
  2 kobolds (D:1)
  2 rats (D:1)
24 creatures vanquished.

Notes
Turn   | Place    | Note
-------+----------+-------------------------------------------
     0 | D:1      | lordive the Octopode Shapeshifter began the quest for the
                  | Orb.
     0 | D:1      | Reached XP level 1. HP: 13/13 MP: 1/1
   155 | D:1      | Reached XP level 2. HP: 12/18 MP: 2/2
   874 | D:2      | Reached XP level 3. HP: 23/23 MP: 3/3
   944 | D:2      | Succumbed to an adder's poison

Illustrated notes

Levels and vault maps discovered:
D:1:      ncdulo_lavacross, layout_basic, hangedman_decor_points
D:2:      layout_loops_ring, nicolae_half_adder

Action                     || total
---------------------------++-------
  Melee: Unarmed           ||    43
         Constrict         ||     6
         Tentacles         ||     4
   Stab: Sleeping          ||     4
 Armour: Skin              ||    23
  Dodge: Dodged            ||    21
